 Dungeon Crawl Stone Soup version 0.31-a0-963-ga325b2283a (webtiles) character file.

Game seed: 5056472833024162279

1528 Arzdou the Carver (level 8, -4/62 (63) HPs)
             Began as a Merfolk Monk on Oct 25, 2023.
             Was a Believer of the Shining One.
             Killed by divine providence
             ... invoked by an orc priest
              (15 damage)
             ... on level 6 of the Dungeon.
             The game lasted 00:09:48 (6044 turns).

Arzdou the Carver (Merfolk Monk)                    Turns: 6044, Time: 00:09:49

HP:   -4/62 (63)    AC:  6    Str: 10 (12) XL:     8   Next: 85%
MP:   11/11         EV: 13    Int:  7 (9)  God:    the Shining One [**....]
Gold: 185           SH:  0    Dex: 17 (18) Spells: 7/7 levels left

rFire   . . .        a - +0 falchion
rCold   . . .        d - orb {light}
rNeg    + . .        y - +0 ring mail {rPois}
rPois   +            (no helmet)
rElec   .            q - +0 cloak
rCorr   .            (no gloves)
SInv    +            (no boots)
Will    .....        (no amulet)
Stlth   +            i - ring of see invisible
HPRegen 0.30/turn    (no ring)
MPRegen 0.12/turn

%: no passive effects
@: glowing, lightly drained
A: (nimble swimmer 2), mertail
a: Renounce Religion, Divine Shield


You were on level 6 of the Dungeon.
You worshipped the Shining One.
The Shining One was pleased with you.
You visited 2 branches of the dungeon, and saw 7 of its levels.

You collected 257 gold pieces.
You donated 72 gold pieces to Zin.

Inventory:

Hand Weapons
 a - a +0 falchion (weapon)
Armour
 b - a +0 robe
 d - an orb of light (worn)
 k - a +0 ring mail
 q - a +0 cloak (worn)
 y - a +0 ring mail of poison resistance (worn)
Jewellery
 i - a ring of see invisible (left hand)
 C - a +6 ring of intelligence
Wands
 x - a wand of charming (13)
Scrolls
 e - 2 scrolls of fear {unknown}
 g - 3 scrolls of poison
 h - a scroll of noise {unknown}
 j - a scroll of silence {unknown}
 m - a scroll of identify {unknown}
 p - a scroll of revelation {unknown}
 r - 2 scrolls of vulnerability {unknown}
 t - a scroll of fog {unknown}
 u - a scroll of amnesia {unknown}
 v - a scroll of enchant weapon {unknown}
 z - 2 scrolls of brand weapon {unknown}
 E - a scroll of teleportation {unknown}
 F - a scroll of enchant armour {unknown}
Potions
 f - a potion of haste {unknown}
 l - 2 potions of degeneration
 n - a potion of lignification
 o - a potion of curing
 s - a potion of heal wounds {unknown}
 w - a potion of experience {unknown}
 A - a potion of brilliance {unknown}
 B - 3 potions of mutation {unknown}
 D - a potion of magic {unknown}


   Skills:
 + Level 5.5 Fighting
 - Level 10.0 Long Blades
 + Level 6.6 Dodging
 - Level 5.0 Invocations


You had 7 spell levels left.
You didn't know any spells.
Your spell library contained the following spells:

 Spells                   Type           Power      Damage    Failure   Level
 Slow                     Hex            0%         N/A       77%         1
 Sting                    Tmut/Pois      0%         1d3       77%         1
 Cigotuvi's Dreadful Rot  Necr/Pois/Air  0%         N/A       88%         2
 Poisonous Vapours        Pois/Air       0%         N/A       88%         2
 Confusing Touch          Hex            0%         N/A       98%         3
 Sigil of Binding         Hex            0%         N/A       98%         3
 Vampiric Draining        Necr           0%         2d6       98%         3
 Dispel Undead            Necr           0%         3d6       100%        4
 Olgreb's Toxic Radiance  Pois           0%         N/A       100%        4
 Death Channel            Necr           0%         N/A       100%        6


Dungeon Overview and Level Annotations

Branches:
Dungeon (6/15)             Temple (1/1) D:4

Altars:
Ashenzari
Cheibriados
Dithmenos
Fedhas
Gozag
Hepliaklqana
Kikubaaqudgha
Nemelex Xobeh
Okawaru
Ru
Sif Muna
Uskayaw
Wu Jian
Xom
Yredelemnul
Zin
The Shining One

Shops:
D:2 =   D:4 =[

Annotations:
D:6 Maggie


Innate Abilities, Weirdness & Mutations

((You are very nimble when in or above water. (Stealth+, EV+, Speed+++)))
Your lower body shifts to a powerful aquatic tail in water.


Message History

You barely miss the wight.
The wight is heavily damaged.
You block the orc priest's attack. The wight hits you with a +0 spear.
* * * LOW HITPOINT WARNING * * *
The wight misses you.
You hit the wight.
The wight is severely damaged.
You block the orc priest's attack.
You slash the wight!
You destroy the wight!
The Shining One accepts your kill.
You feel better.
The wight hits you from afar with a +2 trident.
* * * LOW HITPOINT WARNING * * *
You partially resist.
You feel drained.
* * * LOW HITPOINT WARNING * * *
The orc priest invokes the aid of Beogh against you.
Beogh smites you!
* * * LOW HITPOINT WARNING * * *
The wight attacks as it pursues you! The wight completely misses you.
You see here a +0 halberd.
It was a potion of degeneration.
There was something very wrong with that liquid.
You feel weakened.
You feel dopey.
You feel clumsy. The wight barely misses you.
It was a potion of curing.
You feel better. The wight closely misses you.
The wight attacks as it pursues you!
The wight hits you from afar with a +2 trident.
* * * LOW HITPOINT WARNING * * *
Your divine shield fades away.
The wight attacks as it pursues you! The wight closely misses you.
The wight attacks as it pursues you!
The wight hits you from afar with a +2 trident.
* * * LOW HITPOINT WARNING * * *
Found a golden potion.
The wight attacks as it pursues you! The wight misses you.
Found a stone staircase leading down.
The orc priest invokes the aid of Beogh against you.
Beogh smites you!
You die...

o##.# #.#..!#
..# #.......#
###..
#.###.###..#
###[.##.# ###
#..o..o....#
##.##.#
#######.##.#
#.##.# # #z#
#.##.## .# #.#
.#####.#.#.##
.# #.#
.........###.#
.# #.#
#..####...#...
.. #@# #..#
####.### ...
.......># #..#
### .#.
######### #..#
#..# #..####
#.....# #.###.#
##### #.# #.#
..
###...#######.#
#.#


You could see a wight and an orc priest.

Vanquished Creatures
  A water moccasin (D:5)
  An ice beast (D:6)
  4 black bears
  A centaur (D:6)
  2 phantoms
  A gnoll sergeant (D:6)
  2 wights (D:6)
  3 orc priests
  4 hounds
  2 sleepcaps (D:5)
  Ijyb (D:4)
  4 iguanas
  6 adders
  7 gnolls
  12 orcs
  4 endoplasms
  5 giant cockroaches
  5 goblins
  4 hobgoblins (D:1)
  2 jackals (D:1)
  4 kobolds
  2 quokkas (D:2)
  4 ball pythons
  7 bats
  6 frilled lizards
  2 rats
96 creatures vanquished.

Notes
Turn   | Place    | Note
-------+----------+-------------------------------------------
     0 | D:1      | Arzdou the Merfolk Monk began the quest for the Orb.
     0 | D:1      | Reached XP level 1. HP: 18/18 MP: 1/1
   190 | D:1      | Reached XP level 2. HP: 22/24 MP: 2/2
   427 | D:1      | Reached skill level 4 in Long Blades
   702 | D:1      | Reached XP level 3. HP: 30/30 MP: 3/3
  1174 | D:2      | Reached skill level 5 in Long Blades
  1174 | D:2      | Reached XP level 4. HP: 29/37 MP: 4/4
  1275 | D:2      | Found Ohiat's Jewellery Boutique.
  1963 | D:3      | Found a glowing silver altar of Zin.
  1974 | D:3      | Became a worshipper of Zin the Law-Giver
  1974 | D:3      | Reached * piety under Zin
  1974 | D:3      | Reached ** piety under Zin
  2004 | D:3      | Noticed a black bear
  2017 | D:3      | Killed a black bear
  2018 | D:3      | Reached skill level 6 in Long Blades
  2018 | D:3      | Reached XP level 5. HP: 34/42 MP: 5/5
  2277 | D:3      | Reached skill level 7 in Long Blades
  2277 | D:3      | Reached skill level 1 in Invocations
  2277 | D:3      | Reached XP level 6. HP: 33/48 MP: 6/6
  2836 | D:3      | Donated 50 gold pieces to Zin
  2894 | D:4      | Found a staircase to the Ecumenical Temple.
  2973 | D:4      | Found Xourghe's Armour Emporium.
  3058 | D:4      | Noticed Ijyb
  3089 | D:4      | Killed Ijyb
  3136 | D:4      | Noticed a black bear
  3145 | D:4      | Killed a black bear
  3303 | D:4      | Found Fiojicw's Jewellery Emporium.
  3639 | D:5      | Entered Level 5 of the Dungeon
  3693 | D:5      | Reached XP level 7. HP: 14/53 MP: 6/9
  3715 | D:5      | Reached skill level 8 in Long Blades
  3844 | D:5      | Reached *** piety under Zin
  4527 | Temple   | Entered the Ecumenical Temple
  4550 | Temple   | Fell from the grace of Zin
  4550 | Temple   | Became a worshipper of the Shining One
  4550 | Temple   | Reached * piety under the Shining One
  4660 | D:5      | Reached ** piety under the Shining One
  4661 | D:5      | Reached skill level 9 in Long Blades
  4661 | D:5      | Reached skill level 5 in Invocations
  4661 | D:5      | Reached XP level 8. HP: 23/60 MP: 11/11
  4804 | D:5      | Identified the +2 leather armour "Fotheami" {rN+}
  5046 | D:5      | Found a basalt altar of Yredelemnul.
  5365 | D:6      | Noticed Maggie
  5577 | D:6      | Reached skill level 10 in Long Blades
  5761 | D:6      | Reached skill level 5 in Dodging
  5994 | D:6      | Reached skill level 5 in Fighting
  6013 | D:6      | HP: 1/59 [orc priest/divine providence (9)]
  6044 | D:6      | Killed from afar by an orc priest

Illustrated notes

Levels and vault maps discovered:
D:1:      lightli_arrival_noodles, layout_basic, ebering_dispersal_statue_hall
D:2:      layout_basic, serial_forest, infiniplex_forest_straight_2,
          infiniplex_forest_clump_curved, infiniplex_forest_lined_2,
          infiniplex_forest_straight_3, serial_shops, nicolae_shop_gaudy_bauble
D:3:      layout_basic, mainiacjoe_overflow_concentric_impassable,
          kennysheep_decorative_pillar
D:4:      layout_loops_cross, minmay_temple_entry_junction, serial_shops, shop,
          shop, hex_large, kennysheep_cluttered_room, serial_bayou_pond_e,
          uniq_ijyb
D:5:      layout_loops_ring, kennysheep_little_box, kennysheep_generic_room_12
D:6:      layout_loops_ring, nicolae_elyvilon_temple_path,
          cheibrodos_sewer_entry_drain, uniq_maggie
Temple:   nicolae_temple_superstar

Skill      XL: |  1  2  3  4  5  6  7  8 |
---------------+-------------------------+-----
Long Blades    | 4 5 6 7 9 10 | 10.0
Invocations    | 1 3 5 |  5.0
Fighting       | 5 |  5.5
Dodging        | 6 |  6.6

Action                     |  1- 3 |  4- 6 |  7- 9 || total
---------------------------+-------+-------+-------++-------
  Melee: Falchion          |    75 |   145 |   225 ||   445
 Invoke: Vitalisation      |       |     2 |       ||     2
         Recite            |       |     1 |       ||     1
         Donate Gold       |       |     1 |       ||     1
         Divine Shield     |       |       |     3 ||     3
    Use: Potion            |       |     1 |     3 ||     4
         Scroll            |       |       |     1 ||     1
 Armour: Robe              |    23 |       |       ||    23
         Ring mail         |    15 |    89 |   137 ||   241
         Skin              |       |    11 |       ||    11
  Dodge: Dodged            |    76 |    98 |   150 ||   324
  Block: Orb               |       |       |    33 ||    33

Table legend: (Time is in decaauts)
 A = Elapsed time spent in this place.
 B = Non-inter-level travel time spent in this place.
 C = Inter-level travel time spent in this place.
 D = Time resting spent in this place.
 E = Time spent auto-exploring this place.
 F = Levels seen in this place.
 G = Mean time per level.
                   A        B        C        D        E       F      G
               +--------+--------+--------+--------+--------+-----+--------+
         Total |   6001 |   5740 |    261 |    556 |   4150 |   7 |  857.3 |
       Dungeon |   5963 |   5736 |    227 |    556 |   4150 |   6 |  993.8 |
        Temple |     37 |      4 |     33 |      0 |      0 |   1 |   37.0 |
               +--------+--------+--------+--------+--------+-----+--------+

Top non-repeatable levels by time:
     D:5: 1538 daAuts
     D:3: 1025 daAuts
     D:1: 951 daAuts
     D:2: 890 daAuts
     D:4: 818 daAuts
     D:6: 739 daAuts
  Temple: 37 daAuts
